 Dungeon Crawl Stone Soup version 0.29-a0-451-gfbfa42419e (webtiles) character file.

Game seed: 14736819469270043419

100 holysushi the Cutter (level 4, -10/29 HPs)
             Began as an Octopode Artificer on May 20, 2022.
             Mangled by Menkaure (16 damage)
             ... on level 4 of the Dungeon.
             The game lasted 00:02:18 (3355 turns).

holysushi the Cutter (Octopode Artificer)           Turns: 3355, Time: 00:02:19

Health: -10/29     AC:  1    Str: 11    XL:     4   Next: 74%
Magic:  7/13       EV: 13    Int: 13    God:
Gold:   114        SH:  3    Dex: 14    Spells: 3/3 levels left

rFire   . . .      SeeInvis +   w - +0 short sword
rCold   . . .      Faith    .   q - +0 buckler
rNeg    . . .      Spirit   .   (helmet restricted)
rPois   .          Reflect  .   (no amulet)
rElec   .          Harm     .   A - ring of see invisible
rCorr   .          Rampage  .   y - ring of magical power
Will    .....                   (no ring)
Stlth   +++.......              (no ring)
HPRegen 0.09/turn               (no ring)
MPRegen 0.13/turn               (no ring)
                                (no ring)
                                (no ring)

@: no status effects
A: almost no armour, amphibious, 8 rings, camouflage 1, gelatinous body 1,
(nimble swimmer 1), tentacles
a: no special abilities


You were on level 4 of the Dungeon.
You visited 1 branch of the dungeon, and saw 4 of its levels.

You collected 114 gold pieces.

Inventory:

Hand Weapons
 e - a +0 dagger
 w - a +0 short sword (weapon)
Armour
 q - a +0 buckler (worn)
Jewellery
 u - a ring of fire
 y - a ring of magical power (right tentacle)
 A - a ring of see invisible (left tentacle)
Wands
 b - a wand of flame (11) (quivered)
 c - a wand of charming (15)
 d - a wand of iceblast (9)
Scrolls
 a - a scroll of noise {unknown}
 f - 2 scrolls of identify {unknown}
 i - a scroll of torment {unknown}
 j - 2 scrolls of fear {unknown}
 k - a scroll of immolation {unknown}
 l - a scroll of acquirement {unknown}
 r - a scroll of blinking {unknown}
 t - a scroll of silence {unknown}
 v - a scroll of enchant armour {unknown}
Potions
 g - a potion of haste {unknown}
 h - 2 potions of magic {unknown}
 m - a potion of mutation {unknown}
 n - a potion of might {unknown}
 o - a potion of experience {unknown}
 p - 3 potions of curing {unknown}
 s - a potion of degeneration {unknown}
 x - a potion of cancellation {unknown}
 z - a potion of lignification {unknown}


   Skills:
 - Level 2.2 Fighting
 + Level 3.6 Short Blades
 - Level 2.3 Dodging
 - Level 1.3 Stealth
 - Level 3.2 Evocations


You had 3 spell levels left.
You didn't know any spells.
Your spell library contained the following spells:

 Spells                   Type           Power      Damage    Failure   Level
 Apportation              Tloc           0%         N/A       38%         1
 Foxfire                  Conj/Fire      0%         2x1d4     38%         1
 Necrotize                Necr           0%         1d4       38%         1
 Summon Small Mammal      Summ           0%         N/A       38%         1
 Conjure Flame            Conj/Fire      0%         6-21      77%         3
 Inner Flame              Hex/Fire       0%         N/A       77%         3
 Tukima's Dance           Hex            0%         N/A       77%         3
 Flame Wave               Conj/Fire      0%         2d4       99%         4
 Passage of Golubria      Tloc           0%         N/A       99%         4
 Yara's Violent Unravell  Hex/Tmut       0%         3d3       100%        5


Dungeon Overview and Level Annotations

Branches:
Dungeon (4/15)
 Temple: D:4-7

Altars:

Annotations:
D:4 Menkaure


Innate Abilities, Weirdness & Mutations

You cannot wear most types of armour.
You are amphibious.
You can wear up to eight rings at the same time.
Your skin changes colour to match your surroundings (Stealth+).
Your rubbery body absorbs attacks. (AC +1, EV +1)
((You are camouflaged when in or above water. (Stealth+)))
You have tentacles for arms and can constrict up to eight enemies at once.


Message History

The kobold shouts!
You hear a shout!
You hit the kobold. Your grab misses the kobold. You squeeze the kobold.
You kill the kobold!
No target in view!
No target in view!
There is an escape hatch in the ceiling here.
A - a ring of see invisible
A - a ring of see invisible (left tentacle) No target in view!
You feel your magic capacity increase.
y - a ring of magical power (right tentacle) Menkaure, Prince of Dust comes into view.
Menkaure is nearby!
Menkaure is nearby!
Menkaure is nearby!
Aiming: Throw Flame
Press: ? - help, Shift-Dir - straight line, f - Menkaure
Aim: Menkaure (86% to hit)
The puff of flame misses Menkaure.
Aiming: Throw Flame
Press: ? - help, Shift-Dir - straight line, f/p - Menkaure
Aim: Menkaure (86% to hit)
The puff of flame hits Menkaure.
Menkaure is burned terribly!
Menkaure is moderately damaged.
Aiming: Throw Flame
Press: ? - help, Shift-Dir - straight line, f/p - Menkaure
Aim: Menkaure (moderately damaged, 86% to hit)
The puff of flame hits Menkaure!
Menkaure is burned terribly!
Menkaure is severely damaged.
Menkaure hits you!!
Ouch! That really hurt!
* * * LOW HITPOINT WARNING * * *
Aiming: Throw Flame
Press: ? - help, Shift-Dir - straight line, f/p - Menkaure
Aim: Menkaure (severely damaged, 86% to hit)
The puff of flame hits Menkaure!
Menkaure is burned terribly!
Menkaure is almost destroyed.
Menkaure hits you!
Ouch! That really hurt!
You die...

#. .# #. #.
.# #.####
#.#.###....#
........#.
#).# #....
#.# #.#.#
#.####.#.#
###...<..#.#
#..<....M@.#
#.#.(#######
#.#.[# #
#..# #..#
#..# #...
####


You could see Menkaure.

Vanquished Creatures
  An adder (D:2)
  A dart slug (D:3)
  10 orcs
  6 bats
  8 endoplasms
  4 giant cockroaches
  5 goblins
  6 hobgoblins
  4 jackals (D:2)
  4 quokkas
  7 ball pythons
  5 frilled lizards
  4 kobolds
  5 rats
70 creatures vanquished.

Notes
Turn   | Place    | Note
-------+----------+-------------------------------------------
     0 | D:1      | holysushi the Octopode Artificer began the quest for the
                  | Orb.
     0 | D:1      | Reached XP level 1. HP: 13/13 MP: 1/1
   198 | D:1      | Reached XP level 2. HP: 13/19 MP: 2/2
   469 | D:1      | Reached skill level 1 in Short Blades
   629 | D:1      | Reached XP level 3. HP: 24/24 MP: 3/3
  1311 | D:2      | Identified the +4 flail "Nafaoxewn" {vorpal, rC+ Dex+6}
  1721 | D:2      | Reached XP level 4. HP: 22/29 MP: 4/4
  3350 | D:4      | Noticed Menkaure
  3355 | D:4      | Mangled by Menkaure

Illustrated notes

Levels and vault maps discovered:
D:1:      lightli_arrival_quake, layout_loops_ring
D:2:      layout_loops_ring
D:3:      minmay_inner_zag, layout_loops_corners
D:4:      layout_loops_ring, uniq_menkaure

Skill      XL: |  1  2  3  4 |
---------------+-------------+-----
Fighting       | 2 |  2.2
Short Blades   | 1 2 3 |  3.6
Dodging        | |  2.3
Stealth        | |  1.3
Evocations     | |  3.2

Action                   |  1- 3 |  4- 6 || total
-------------------------+-------+-------++-------
Melee: Unarmed           |    22 |       ||    22
       Constrict         |    26 |    12 ||    38
       Tentacles         |    19 |     9 ||    28
       Dagger            |    66 |    49 ||   115
       Short sword       |       |     4 ||     4
Evoke: Wand              |       |     4 ||     4
 Stab: Sleeping          |    11 |    11 ||    22
Armor: Skin              |    10 |     2 ||    12
Dodge: Dodged            |    50 |    15 ||    65
Block: Buckler           |       |     4 ||     4

Table legend: (Time is in decaauts)
 A = Elapsed time spent in this place.
 B = Non-inter-level travel time spent in this place.
 C = Inter-level travel time spent in this place.
 D = Time resting spent in this place.
 E = Time spent auto-exploring this place.
 F = Levels seen in this place.
 G = Mean time per level.
                   A        B        C        D        E       F      G
               +--------+--------+--------+--------+--------+-----+--------+
         Total |   3342 |   3262 |     80 |    332 |   2424 |   4 |  835.5 |
       Dungeon |   3342 |   3262 |     80 |    332 |   2424 |   4 |  835.5 |
               +--------+--------+--------+--------+--------+-----+--------+

Top non-repeatable levels by time:
     D:3: 1296 daAuts
     D:1: 1062 daAuts
     D:2: 939 daAuts
     D:4: 43 daAuts
